cohdb
Replays
Latest Replays
All Replays
Popular Replays
Top Player Replays
Match Explorer
How It Works
Community
CoH3 Stats
Reddit
Sign in to upload your games and track your stats! →
Sign in with Steam
Match 41022901
Unlisted
Match 41022901
Overview
Messages
Build Orders
End
Panzergrenadier Squad
Selects Armored Support Battlegroup
Panzergrenadier Squad
Forward Retreat Point
Construct Light Support Kompanie
2.5-tonne Medical Truck
Construct Mechanized Kompanie
Selects Superior Fire Drills
Panzerjäger Mechanized Group
Veteran Squad Leaders
Construct Panzerarmee Kommand
Tungsten Core Ammunition
Selects Flammpanzer III Medium Tank
Flammpanzer III Medium Tank
Selects Salvage Kits
Selects Panzer Storm
Rapid Advance
Panzerpioneer Squad
Emergency Repair Kits
Armored Reserves
Flak 36 Anti-tank Gun Team
Selects Stuka Anti-tank Loiter
Stuka Anti-tank Loiter
Tiger Heavy Tank
Advanced Optics
qoltis
Sxiet
PumaDog
Jd577
agrobio
General Kenobi
kILLA_kAN
RoninWolf
0
0
Comments
sign in to comment!
No comments posted yet!